 Dungeon Crawl Stone Soup version 0.30.1-9-gdf580d7c3d (webtiles) character file.

Game seed: 1127304726891489374

280 jagang the Trooper (level 6, -16/49 HPs)
             Began as a Human Monk on Oct 12, 2023.
             Killed from afar by Dowan (29 damage)
             ... with a shard of ice
             ... on level 4 of the Dungeon.
             The game lasted 00:07:05 (3418 turns).

jagang the Trooper (Human Monk)                     Turns: 3418, Time: 00:07:05

Health: -16/49     AC:  9    Str: 12    XL:     6   Next: 52%
Magic:  6/6        EV:  7    Int: 10    God:
Gold:   109        SH:  0    Dex: 17    Spells: 5/5 levels left

rFire   . . .        a - +0 falchion
rCold   . . .        d - orb {light}
rNeg    . . .        m - +0 chain mail
rPois   .            (no helmet)
rElec   .            g - +0 cloak
rCorr   .            (no gloves)
SInv    .            (no boots)
Will    .....        (no amulet) Stlth
                     (no ring)
HPRegen 0.28/turn    (no ring)
MPRegen 0.10/turn

%: no passive effects
@: glowing
A: no striking features
a: no special abilities


You were on level 4 of the Dungeon.
You visited 1 branch of the dungeon, and saw 4 of its levels.

You collected 109 gold pieces.

Inventory:

Hand Weapons
 a - a +0 falchion (weapon)
Armour
 d - an orb of light (worn)
 g - a +0 cloak (worn)
 m - a +0 chain mail (worn)
Scrolls
 b - a scroll of teleportation {unknown}
 e - a scroll of fear {unknown}
 f - a scroll of blinking {unknown}
 l - a scroll of poison {unknown}
 n - a scroll of butterflies {unknown}
 o - a scroll of amnesia {unknown}
 q - a scroll of identify {unknown}
Potions
 c - a potion of mutation {unknown}
 h - 2 potions of degeneration {unknown}
 i - a potion of cancellation {unknown}
 k - a potion of brilliance {unknown}
 p - a potion of haste {unknown}


   Skills:
 * Level 4.5 Fighting
 * Level 4.5 Long Blades
 + Level 1.4 Throwing
 + Level 1.9 Armour
 + Level 3.8 Dodging


You had 5 spell levels left.
You didn't know any spells.
Your spell library contained the following spells:

 Spells                   Type           Power      Damage    Failure   Level
 Freeze                   Ice            0%         1d3       100%        1
 Magic Dart               Conj           0%         1d3       100%        1
 Summon Small Mammal      Summ           0%         N/A       100%        1
 Volatile Blastmotes      Fire/Tloc      0%         2d10      100%        3
 Fulminant Prism          Conj/Hex       0%         3d5       100%        4
 Iskenderun's Mystic Bla  Conj/Tloc      0%         2d3       100%        4
 Lee's Rapid Deconstruct  Erth           0%         3d4*      100%        5


Dungeon Overview and Level Annotations

Branches:
Dungeon (4/15)
 Temple: D:4-7

Altars:
Ashenzari
Cheibriados
Dithmenos
Hepliaklqana
Makhleb
Nemelex Xobeh
Qazlal
Ru
Uskayaw
Wu Jian
Yredelemnul

Annotations:
D:4 Dowan


Message History

Dowan hits you but does no damage. x2
You hit Dowan.
Dowan is heavily wounded.
Dowan barely misses you.
You closely miss Dowan.
Dowan is heavily wounded.
Dowan hits you with a +0 dagger.
Dowan casts a spell.
Dowan blinks!
An orc comes into view. It is wielding a +0 dagger.
You slash the orc!
You kill the orc!
You barely miss the hobgoblin. The hobgoblin barely misses you.
You slash the hobgoblin!
You kill the hobgoblin!
Dowan says, "Magic will overcome all!"
Dowan hits you but does no damage. Dowan hits you with a +0 dagger.
Things that are here:
a +0 dagger; a +0 leather armour; a hobgoblin corpse You barely miss Dowan.
Dowan is heavily wounded.
Dowan hits you but does no damage.
You hit Dowan.
Dowan is severely wounded.
Dowan hits you with a +0 dagger. Dowan hits you but does no damage.
You closely miss Dowan.
Dowan is severely wounded.
Dowan barely misses you. Dowan hits you with a +0 dagger.
You completely miss Dowan.
Dowan is severely wounded.
An endoplasm comes into view.
Dowan gestures at you while chanting. The stone arrow hits you!
* * * LOW HITPOINT WARNING * * *
You slash Dowan!
Dowan is almost dead.
Dowan casts a spell at you. The shard of ice hits you!!
Ouch! That really hurt!
You die...

.. ... ........
..... .# ...
........ .### .<..J
.....# ### #.#.#
#.#.#####.#
.####.#..
#..........
........###
###..####.#
#......'.# #.'..#
#.# #e'.# #.'†##
#.# ##@### ###.#
#.# ..#.###.)..#
#...# #.#
#.......†#.#++#.#.#
#.#
..#.####..........#
#.# #.###..#.#.#
#.# #.# #.##.....
#.# #.......... ..#
############ ###


You could see Dowan (fast) and an endoplasm.

Vanquished Creatures
  Duvessa (D:4)
  A hound (D:3)
  6 adders
  A gnoll (D:1)
  3 worms
  3 dart slugs
  4 orcs
  3 ball pythons
  4 endoplasms
  2 giant cockroaches (D:1)
  10 hobgoblins
  A jackal (D:4)
  8 kobolds
  3 quokkas (D:1)
  4 bats
  2 frilled lizards
  8 goblins
  A rat (D:1)
65 creatures vanquished.

Notes
Turn   | Place    | Note
-------+----------+-------------------------------------------
     0 | D:1      | jagang the Human Monk began the quest for the Orb.
     0 | D:1      | Reached XP level 1. HP: 18/18 MP: 1/1
    96 | D:1      | Reached XP level 2. HP: 24/24 MP: 2/2
   282 | D:1      | Got Thaumaturgy 101
   390 | D:1      | Reached XP level 3. HP: 29/29 MP: 3/3
   721 | D:1      | Reached skill level 1 in Armour
  1143 | D:2      | Reached XP level 4. HP: 35/35 MP: 4/4
  2254 | D:3      | Found an ornate altar of the Wu Jian Council.
  2255 | D:3      | Found a sacrificial altar of Ru.
  2261 | D:3      | Found a hazy altar of Hepliaklqana.
  2455 | D:3      | Found a basalt altar of Yredelemnul.
  2455 | D:3      | Found a shadowy altar of Dithmenos.
  2455 | D:3      | Found a stormy altar of Qazlal.
  2456 | D:3      | Found a snail-covered altar of Cheibriados.
  2457 | D:3      | Found a hide-covered altar of Uskayaw.
  2458 | D:3      | Found a burning altar of Makhleb.
  2459 | D:3      | Found a sparkling altar of Nemelex Xobeh.
  2460 | D:3      | Found a broken altar of Ashenzari.
  2576 | D:3      | Reached XP level 5. HP: 29/42 MP: 5/5
  3380 | D:4      | Noticed Dowan
  3380 | D:4      | Noticed Duvessa
  3402 | D:4      | Killed Duvessa
  3403 | D:4      | Reached skill level 1 in Throwing
  3403 | D:4      | Reached XP level 6. HP: 34/49 MP: 6/6
  3418 | D:4      | Killed from afar by Dowan

Illustrated notes

Levels and vault maps discovered:
D:1:      dpeg_arrival_morbid_curiosity, layout_basic, nicolae_grassy_gnolls
D:2:      layout_basic, hex_intersection
D:3:      layout_loops_corners, minitemple
D:4:      layout_loops_ring, mainiacjoe_overflow_concentric_impassable,
          grunt_decor_one_mirror, st_stairs_9, minmay_mini_jars, uniq_grinder,
          uniq_duvessa

Skill      XL: |  1  2  3  4  5 |
---------------+----------------+-----
Armour         | 1 |  1.9
Fighting       | 4 |  4.5
Long Blades    | 4 |  4.5
Throwing       | 1 |  1.4
Dodging        | |  3.8

Action                     |  1- 3 |  4- 6 || total
---------------------------+-------+-------++-------
  Melee: Falchion          |    68 |   152 ||   220
  Throw: Dart              |       |     4 ||     4
    Use: Potion            |       |     1 ||     1
 Armour: Robe              |    15 |     6 ||    21
         Chain mail        |       |    84 ||    84
  Dodge: Dodged            |    48 |    67 ||   115
